 Dungeon Crawl Stone Soup version 0.21.1-1-g345015f (webtiles) character file.

37 Fortress the Shield-Bearer (level 3, -10/36 HPs)
             Began as a Troll Fighter on June 14, 2018.
             Mangled by Sigmund
             ... wielding a +0 scythe
              (13 damage)
             ... on level 3 of the Dungeon.
             The game lasted 00:08:41 (948 turns).

Fortress the Shield-Bearer (Troll Fighter)           Turns: 948, Time: 00:08:42

Health: -10/36     AC:  5    Str: 24    XL:     3   Next: 23%
Magic:  2/2        EV:  8    Int:  4    God:
Gold:   46         SH:  9    Dex: 10    Spells: 2/2 levels left

rFire    . . .     SeeInvis .   k - +1 dagger (venom)
rCold    . . .     Gourm    +   c - +0 shield
rNeg     . . .     Faith    .   b - +0 robe
rPois    .         Spirit   .   (helmet restricted)
rElec    .         Reflect  .   (no cloak)
rCorr    .         Harm     .   (gloves unavailable)
MR       .....                  (boots unavailable)
Stlth    +.........             (no amulet)
HPRegen  0.52/turn              (no ring)
MPRegen  0.08/turn              (no ring)

@: no status effects
A: large, unfitting armour, claws 3, fast metabolism 3, gourmand, regeneration
1, shaggy fur 1, tough skin 2
a: no special abilities


You were on level 3 of the Dungeon.
You were full.

You visited 1 branch of the dungeon, and saw 3 of its levels.

You collected 46 gold pieces.

Inventory:

Hand Weapons
 a - a +0 flail
 k - a +1 dagger of venom (weapon)
Missiles
 g - 31 sling bullets
 m - 18 stones (quivered)
Armour
 b - a +0 robe (worn)
 c - a +0 shield (worn)
Scrolls
 e - a scroll of fear {unknown}
 j - a scroll of teleportation {unknown}
Potions
 d - a potion of might
 i - 2 potions of curing {unknown}
 l - a potion of mutation {unknown}
 n - a potion of brilliance {unknown}
 o - 2 potions of heal wounds {unknown}
Comestibles
 f - 3 rations


   Skills:
 + Level 2.7 Fighting
 * Level 0.1 Short Blades
 - Level 2.1 Maces & Flails
 + Level 2.7 Dodging
 - Level 0.1 Stealth
 + Level 2.8 Shields


You had 2 spell levels left.
You didn't know any spells.

Dungeon Overview and Level Annotations

Branches:
Dungeon (3/15)

Altars:

Annotations:
D:3 Sigmund


Innate Abilities, Weirdness & Mutations

You are too large for most types of armour.
You have claws for hands.
Your metabolism is lightning-fast.
You like to eat raw meat.
Your natural rate of healing is unusually fast.
You are covered in fur. (AC +1)
You have very tough skin. (AC +2)


Message History

Sigmund gestures wildly while chanting.
Sigmund flickers and vanishes!
Deactivating autopickup; reactivate with Ctrl-A.
A kobold comes into view.
You completely miss something. Something hits you!
You closely miss something.
The kobold shouts!
The kobold throws a stone.
You block the stone. Something hits you.
* * * LOW HITPOINT WARNING * * *
The kobold throws a stone.
The stone hits you but does no damage. You block something's attack.
You climb downwards.
There is a stone staircase leading up, spattered with blood here.
You hear some strange, mumbled words.
A magic dart appears from out of thin air!
The magic dart hits you!
* * * LOW HITPOINT WARNING * * *
There is a stone staircase leading up, spattered with blood here.
You closely miss something. Something hits you!
You die...

.## ... ##.####
......####
#........
##.≈.≈..#
#...⌠...##.
###(.≈≈≈.....
####@...(†......
#..{.#####..#...
#..#### ....
....# .... ##.##
@.. #. .. #. . .


There were no monsters in sight!

Vanquished Creatures
  An adder (D:2)
  A worm (D:2)
  A ball python (D:1)
  2 giant cockroaches
  3 goblins (D:1)
  5 hobgoblins
  2 bats (D:1)
  A frilled lizard (D:1)
  4 kobolds
  4 rats
24 creatures vanquished.

Notes
Turn   | Place    | Note
-------+----------+-------------------------------------------
     0 | D:1      | Fortress the Troll Fighter began the quest for the Orb.
     0 | D:1      | Reached XP level 1. HP: 22/22 MP: 0/0
   161 | D:1      | Reached XP level 2. HP: 28/29 MP: 1/1
   818 | D:2      | Reached XP level 3. HP: 28/36 MP: 2/2
   880 | D:3      | Noticed Sigmund
   948 | D:3      | Mangled by Sigmund

Skill      XL: |  1  2 |
---------------+-------+-----
Maces & Flails | 2 |  2.1
Fighting       | |  2.7
Short Blades   | |  0.1
Dodging        | |  2.7
Stealth        | |  0.1
Shields        | |  2.8

Action                   || total
-------------------------++-------
Melee: Flail             ||    43
       Dagger            ||    40
 Stab: Sleeping          ||     1
  Eat: Chunk             ||    11
Armor: Robe              ||    22
Dodge: Dodged            ||    37
Block: Shield            ||    35
